 Dungeon Crawl Stone Soup version 0.28.0-53-g5a82cb258f (webtiles) character file.

Game seed: 16767824862959442678

1926 kudzoo the Cleaver (level 9, 0/81 HPs)
             Began as a Hill Orc Fighter on Aug 1, 2022.
             Was a Follower of Beogh.
             Slain by an orc knight
             ... wielding a +0 war axe
              (7 damage)
             ... in a bailey on Aug 2, 2022.
             The game lasted 00:56:04 (4875 turns).

kudzoo the Cleaver (Hill Orc Fighter)               Turns: 4875, Time: 00:56:05

Health: 0/81       AC: 19    Str: 21    XL:     9   Next: 17%
Magic:  10/10      EV:  7    Int:  8    God:    Beogh [*.....]
Gold:   368        SH:  5    Dex: 12    Spells: 8/8 levels left

rFire   + . .      SeeInvis .   a - +0 war axe
rCold   + . .      Faith    .   c - +0 buckler
rNeg    . . .      Spirit   .   x - +0 gold dragon scales
rPois   +          Reflect  .   t - +0 helmet
rElec   .          Harm     .   e - +2 cloak
rCorr   .          Rampage  .   (no gloves)
Will    .....                   (no boots)
Stlth   ..........              (no amulet)
HPRegen 0.23/turn               j - +4 ring of evasion
MPRegen 0.12/turn               (no ring)

@: mighty, hasted, very quick
A: no striking features
a: Renounce Religion


You were in a bailey.
You worshipped Beogh.
Beogh was aware of your devotion.
You visited 2 branches of the dungeon, and saw 9 of its levels.
You also visited: Bailey.

You collected 368 gold pieces.

Inventory:

Hand Weapons
 a - a +0 war axe (weapon)
 b - a +2 hunting sling of flaming
 H - a +0 flail of holy wrath
 J - a +2 dagger of freezing
 L - a +0 shortbow
 M - a +2 flail of protection
Missiles
 h - 31 sling bullets
 n - 152 stones (quivered)
 p - 63 arrows
 w - 2 poisoned darts
 E - 2 boomerangs
Armour
 c - a +0 buckler (worn)
 e - a +2 cloak (worn)
 i - an orb of wrath
 o - a +2 ring mail of poison resistance
 t - a +0 helmet (worn)
 x - +0 gold dragon scales (worn)
Magical Staves
 q - a staff of death
Jewellery
 j - a +4 ring of evasion (left hand)
Wands
 g - a wand of charming (5)
 z - a wand of digging (7)
 D - a wand of iceblast (1)
Scrolls
 k - 3 scrolls of teleportation {unknown}
 l - a scroll of brand weapon {unknown}
 m - 3 scrolls of identify
 r - 2 scrolls of enchant weapon {unknown}
 s - 2 scrolls of holy word {unknown}
 v - a scroll of magic mapping {unknown}
 y - 3 scrolls of fog {unknown}
 B - a scroll of blinking {unknown}
 C - 2 scrolls of fear {unknown}
 N - a scroll of vulnerability {unknown}
Potions
 d - 2 potions of might
 f - 2 potions of flight {unknown}
 A - a potion of cancellation
 F - 2 potions of lignification
 G - 2 potions of attraction {unknown}
 K - a potion of resistance


   Skills:
 * Level 7.8 Fighting
 + Level 10.4 Axes
 + Level 1.1 Slings
 + Level 6.2 Armour
 + Level 0.9 Dodging
 + Level 0.6 Stealth
 + Level 4.6 Shields
 + Level 2.0 Invocations


You had 8 spell levels left.
You didn't know any spells.
Your spell library contained the following spells:

 Spells                   Type           Power      Damage    Failure   Level
 Blink                    Tloc           0%         N/A       100%        2
 Inner Flame              Hex/Fire       0%         N/A       100%        3
 Lesser Beckoning         Tloc           0%         N/A       100%        3
 Ozocubu's Armour         Ice            0%         N/A       100%        3
 Portal Projectile        Hex/Tloc       0%         N/A       100%        3
 Cause Fear               Hex            0%         N/A       100%        4
 Freezing Cloud           Conj/Ice/Air   0%         6-21      100%        5
 Manifold Assault         Tloc           0%         N/A       100%        5
 Metabolic Englaciation   Hex/Ice        0%         N/A       100%        5
 Summon Mana Viper        Hex/Summ       0%         N/A       100%        5
 Yara's Violent Unravell  Hex/Tmut       0%         3d3       100%        5
 Simulacrum               Ice/Necr       0%         N/A       100%        6
 Discord                  Hex            0%         N/A       100%        8


Dungeon Overview and Level Annotations

Branches:
Dungeon (8/15)             Temple (1/1) D:5          Bailey (1/1)
   Lair: D:8-11

Altars:
Ashenzari
Cheibriados
Dithmenos
Fedhas
Gozag
Hepliaklqana
Kikubaaqudgha
Makhleb
Nemelex Xobeh
Okawaru
Qazlal
Ru
Sif Muna
Trog
Uskayaw
Vehumet
Xom
Yredelemnul
Zin
The Shining One

Shops:
D:5 *   D:8 [


Message History

You hit the orc knight but do no damage.
The orc knight is moderately wounded.
The orc knight hits you with a +0 war axe.
You feel very mighty all of a sudden.
The orc knight hits you with a +0 war axe!
* * * LOW HITPOINT WARNING * * *
You feel yourself speed up.
The orc knight hits you with a +0 war axe.
* * * LOW HITPOINT WARNING * * *
You feel better.
The orc knight hits you with a +0 war axe!
* * * LOW HITPOINT WARNING * * *
You completely miss the orc knight.
The orc knight is moderately wounded.
The orc knight hits you with a +0 war axe!
* * * LOW HITPOINT WARNING * * *
You slash the orc knight!
The orc knight is moderately wounded.
You hit the orc knight.
The orc knight is moderately wounded.
The orc knight hits you but does no damage.
You slash the orc knight!
The orc knight is heavily wounded.
The orc knight hits you but does no damage.
You closely miss the orc knight.
The orc knight is heavily wounded.
You slash the orc knight!
The orc knight is severely wounded.
You block the orc knight's attack.
You hit the orc knight.
The orc knight is severely wounded.
The orc knight hits you with a +0 war axe.
* * * LOW HITPOINT WARNING * * *
You slash the orc knight!
The orc knight is severely wounded.
You barely miss the orc knight.
The orc knight is severely wounded.
The orc knight hits you with a +0 war axe!
You die...
Beogh appreciates the orc knight's killing of a heretic priest.

♣....♣♣♣###.....###.###
♣♣......##.........###
♣.......#..)))......#
♣.......'..)).......#
♣..∩.∩..'.....⌠.....#
........'...........#
♣.......#...........#
♣♣......##.........###
♣.....♣♣♣###...)@###.###
. ♣♣.♣♣.♣
###.#o#.....### g.
♣♣♣♣♣♣ ###gg.......##
... #.))........# ....
#........o..# ....g
#.....⌠.....#...g.g
#...........go..g..
#...........#......
##.........## .....


You could see an orc knight, a hobgoblin and a goblin.

Vanquished Creatures
  Edmund (D:6)
  2 water moccasins
  An orc warrior (Bailey)
  2 black bears
  A hornet zombie (D:8)
  A necrophage (D:5)
  A centaur (D:7)
  A bullfrog (D:7)
  3 scorpions
  A water moccasin zombie (D:5)
  3 wights (D:8)
  A centaur zombie (D:5)
  2 hounds
  A jelly (D:4)
  2 bullfrog skeletons
  Ijyb (D:3)
  A centaur skeleton (D:7)
  An iguana (D:5)
  5 orc wizards
  A killer bee zombie (D:7)
  9 gnolls
  6 adders
  An ufetubus (D:4)
  4 worms
  15 orcs
  4 endoplasms
  A giant cockroach (D:1)
  9 goblins
  12 hobgoblins
  8 jackals
  4 kobolds
  A quokka (D:1)
  8 ball pythons
  7 bats
  3 frilled lizards
  4 rats
128 creatures vanquished.

Vanquished Creatures (others)
  An orc wizard (D:7)
  3 orcs (D:7)
4 creatures vanquished.

Grand Total: 132 creatures vanquished

Notes
Turn   | Place    | Note
-------+----------+-------------------------------------------
     0 | D:1      | kudzoo the Hill Orc Fighter began the quest for the Orb.
     0 | D:1      | Reached XP level 1. HP: 19/19 MP: 1/1
   138 | D:2      | Reached XP level 2. HP: 27/27 MP: 2/2
   242 | D:2      | Reached skill level 3 in Axes
   412 | D:2      | Reached XP level 3. HP: 19/33 MP: 3/3
   697 | D:2      | Found a faded altar of an unknown god.
  1288 | D:2      | Reached skill level 4 in Axes
  1451 | D:3      | Reached XP level 4. HP: 40/41 MP: 4/4
  1462 | D:3      | Found a snail-covered altar of Cheibriados.
  1861 | D:4      | Noticed a scorpion
  1868 | D:4      | Killed a scorpion
  1869 | D:4      | Reached skill level 5 in Axes
  1869 | D:4      | Reached XP level 5. HP: 47/47 MP: 5/5
  1970 | D:3      | Noticed Ijyb
  2021 | D:3      | Killed Ijyb
  2265 | D:4      | Reached skill level 6 in Axes
  2265 | D:4      | Reached XP level 6. HP: 39/55 MP: 6/6
  2365 | D:4      | Reached skill level 5 in Fighting
  2629 | D:5      | Entered Level 5 of the Dungeon
  2629 | D:5      | Noticed a necrophage
  2665 | D:5      | Found a staircase to the Ecumenical Temple.
  2674 | Temple   | Entered the Ecumenical Temple
  3040 | D:4      | Reached XP level 7. HP: 58/61 MP: 7/7
  3158 | D:5      | Got the Incunabulum of Fetching Ice
  3162 | D:5      | Found Nuikem's Assorted Antiques.
  3186 | D:5      | Reached skill level 7 in Axes
  3282 | D:5      | Reached skill level 5 in Armour
  3647 | D:5      | Reached skill level 8 in Axes
  3647 | D:5      | Reached XP level 8. HP: 71/71 MP: 8/8
  3743 | D:6      | Noticed Edmund
  3754 | D:6      | Killed Edmund
  3804 | D:6      | Reached skill level 9 in Axes
  4047 | D:7      | Became a worshipper of Beogh the Brigand
  4149 | D:7      | Reached skill level 1 in Slings
  4197 | D:7      | Reached skill level 1 in Invocations
  4494 | D:8      | Reached XP level 9. HP: 78/80 MP: 10/10
  4507 | D:8      | Reached skill level 10 in Axes
  4558 | D:8      | Found Luokiet's Armour Boutique.
  4638 | D:8      | Found a flagged portal.
  4647 | Bailey   | Entered a bailey
  4765 | Bailey   | Reached * piety under Beogh
  4830 | Bailey   | Noticed an orc knight
  4875 | Bailey   | Slain by an orc knight

Illustrated notes

Levels and vault maps discovered:
D:1:      minmay_arrival_checkered_box, layout_loops_ring, serial_bayou_pond_d
D:2:      layout_loops_cross, shapermc_ecumenical_altar_hornbeckon,
          minmay_misc_feat_enclosed
D:3:      lemuel_castle_with_subvaults [lemuel_castle_interior_original],
          layout_loops_ring, lemuel_tele_altar, palyth_stone_intersect,
          uniq_ijyb, uniq_natasha
D:4:      cheibrodos_helix_gallery, layout_loops_ring
D:5:      layout_basic, minmay_temple_entry_junction_2, serial_shops, shop
D:6:      layout_loops_corners, uniq_edmund
D:7:      layout_basic, pdpol_wu_jian_five_deadly_venoms
D:8:      layout_loops_ring, enter_bailey_6, serial_shops, nicolae_square_shop,
          uniq_joseph
Temple:   mainiacjoe_temple_bowtie_tessellation
Bailey:   bailey_axe_minmay_hex_keep, bailey

Skill      XL: |  1  2  3  4  5  6  7  8  9 |
---------------+----------------------------+-----
Fighting       | 4 5 6 7 |  7.8
Axes           | 3 4 5 6 8 9 10 | 10.4
Armour         | 4 5 6 |  6.2
Shields        | 4 |  4.6
Slings         | 1 |  1.1
Invocations    | 2 |  2.0
Dodging        | |  0.9
Stealth        | |  0.6

Action                   |  1- 3 |  4- 6 |  7- 9 || total
-------------------------+-------+-------+-------++-------
Melee: War axe           |   127 |   138 |   245 ||   510
 Fire: Hunting sling     |       |       |     7 ||     7
Throw: Stone             |     2 |       |       ||     2
Invok: Convert to Beogh  |       |       |     1 ||     1
  Use: Potion            |       |     1 |     3 ||     4
       Scroll            |       |       |     4 ||     4
 Stab: Invisible         |       |     1 |       ||     1
Armor: Scale mail        |    33 |       |       ||    33
       Ring mail         |    29 |    66 |       ||    95
       Gold dragon scale |       |    19 |   152 ||   171
Dodge: Dodged            |    73 |    54 |    54 ||   181
Block: Buckler           |    24 |    27 |    53 ||   104
